 Dungeon Crawl Stone Soup version 0.30.1-4-g462c640d31 (webtiles) character file.

Game seed: 11324230860607706848

8 wingedge the Covered (level 1, 0/14 HPs)
             Began as a Demigod Wanderer on Aug 12, 2023.
             Slain by a goblin
             ... wielding a +0 club
              (2 damage)
             ... on level 1 of the Dungeon.
             The game lasted 00:01:40 (156 turns).

wingedge the Covered (Demigod Wanderer)              Turns: 156, Time: 00:01:41

Health: 0/14       AC:  9    Str: 16    XL:     1   Next: 80%
Magic:  3/3        EV: 14    Int: 10    God:
Gold:   12         SH:  0    Dex: 14    Spells: 0/0 levels left

rFire   . . .        a - +0 spear
rCold   . . .        (no shield)
rNeg    . . .        b - +2 scale mail
rPois   .            (no helmet)
rElec   .            (no cloak)
rCorr   .            (no gloves)
SInv    .            (no boots)
Will    .....        (no amulet) Stlth
                     e - +5 ring of evasion
HPRegen 0.22/turn    (no ring)
MPRegen 0.08/turn

%: no passive effects
@: no status effects
A: high MP 1, forlorn, divine attributes
a: no special abilities


You were on level 1 of the Dungeon.
You visited 1 branch of the dungeon, and saw 1 of its levels.

You collected 12 gold pieces.

Inventory:

Hand Weapons
 a - a +0 spear (weapon)
Armour
 b - a +2 scale mail (worn)
Jewellery
 e - a +5 ring of evasion (left hand)
Wands
 c - a wand of flame (6) (quivered)
Scrolls
 d - a scroll of teleportation
Potions
 f - a potion of haste {unknown}


   Skills:
 + Level 1.2 Polearms
 + Level 4.6 Armour
 + Level 1.2 Dodging
 + Level 2.8 Evocations


You couldn't memorise any spells.
You didn't know any spells.
Your spell library was empty.

Dungeon Overview and Level Annotations

Branches:
Dungeon (1/15)


Innate Abilities, Weirdness & Mutations

You have an increased reservoir of magic. (+10% MP)
You shall have no god before yourself.
Your divine heritage dramatically boosts your attributes as you level up.


Message History

Aim: a jackal (severely wounded, about 47% to evade your +0 spear)
You hit the jackal.
The jackal is almost dead.
The jackal bites you but does no damage.
The goblin hits you with a +0 club. The jackal barely misses you.
Reach: a) +0 spear
Press: ? - help, Dir - move target, f/p - jackal
Aim: a jackal (almost dead, about 47% to evade your +0 spear)
You barely miss the jackal.
The jackal is almost dead.
The jackal bites you but does no damage.
The goblin completely misses you.
Reach: a) +0 spear
Press: ? - help, Dir - move target, f/p - jackal
Aim: a jackal (almost dead, about 47% to evade your +0 spear)
You hit the jackal but do no damage.
The jackal is almost dead.
The jackal misses you. The goblin hits you with a +0 club.
Reach: a) +0 spear
Press: ? - help, Dir - move target, f/p - jackal
Aim: a jackal (almost dead, about 47% to evade your +0 spear)
You closely miss the jackal.
The jackal is almost dead.
The jackal closely misses you. The goblin hits you with a +0 club.
* * * LOW HITPOINT WARNING * * *
The jackal completely misses you.
Reach: a) +0 spear
Press: ? - help, Dir - move target, f/p - jackal
Aim: a jackal (almost dead, about 47% to evade your +0 spear)
You closely miss the jackal.
The jackal is almost dead.
The jackal bites you but does no damage.
The goblin closely misses you.
Reach: a) +0 spear
Press: ? - help, Dir - move target, f/p - jackal
Aim: a jackal (almost dead, about 47% to evade your +0 spear)
You hit the jackal.
You kill the jackal!
The goblin hits you with a +0 club.
You die...

#..# #..# #.. ....
#..# #..#.#.#.#
#####..# #..........
##...#..####.#.#.#.#.#
#.........##.#......
#...............#.#.#.
#.....)##.#...........
##...#.#.###..@g.#
##.##....#....##.....
#.#####..#........##
#.# #..######## #.#
#..# #.# #..# #.# ...#
#.####...# ####
#....#...( ....


You could see a goblin.

Vanquished Creatures
  2 goblins (D:1)
  2 jackals (D:1)
  A kobold (D:1)
  A quokka (D:1)
  A bat (D:1)
  A frilled lizard (D:1)
  A rat (D:1)
9 creatures vanquished.

Notes
Turn   | Place    | Note
-------+----------+-------------------------------------------
     0 | D:1      | wingedge the Demigod Wanderer began the quest for the Orb.
     0 | D:1      | wingedge set off with the following items: a +0 spear, a +2
                  | scale mail, a wand of flame (6), a scroll of teleportation.
     0 | D:1      | Reached XP level 1. HP: 14/14 MP: 3/3
    12 | D:1      | Noticed a demonspawn
    14 | D:1      | Noticed a demigod
   156 | D:1      | Slain by a goblin

Illustrated notes

Levels and vault maps discovered:
D:1:      shiori_arrival_whats_in_store_for_you, layout_loops_ring, hex_medium,
          st_stairs_6

Action                     || total
---------------------------++-------
  Melee: Spear             ||    35
 Armour: Scale mail        ||    10
  Dodge: Dodged            ||    27
